 Dungeon Crawl Stone Soup version 0.31-a0-188-g5e087ee2ca (webtiles) character file.

Game seed: 16225490943368873662

170 lunkers the Insei (level 6, -6/47 HPs)
             Began as a Meteoran Transmuter on June 23, 2023.
             Killed from afar by an orc wizard (8 damage)
             ... with a magic dart
             ... on level 3 of the Dungeon.
             The game lasted 00:03:50 (824 turns).

lunkers the Insei (Meteoran Transmuter)              Turns: 824, Time: 00:03:50

Health: -6/47      AC:  2    Str: 12    XL:     6   Next: 8%
Magic:  2/11       EV: 20    Int: 17    God:
Gold:   76         SH:  0    Dex: 19    Spells: 4/10 levels left

rFire   . .          .
                       - Unarmed
rCold   . . .        (shield currently unavailable)
rNeg    . . .        a - melded +0 robe
rPois   x            (helmet currently unavailable)
rElec   .            (cloak currently unavailable)
rCorr   .            (gloves currently unavailable)
SInv    .            (boots currently unavailable)
Will    .....        (no amulet)
Stlth   +            (no ring)
HPRegen 0.27/turn    (no ring)
MPRegen 0.12/turn

%: no passive effects
@: lethally poisoned (-6 -> -6), spider-form (expiring), very slightly
contaminated, glowing
A: venomous fangs, tiny, sense surroundings 1, otherworldly, glowing, explore
regen
a: End Transformation


You were on level 3 of the Dungeon.
You were a venomous arachnid creature.
You visited 1 branch of the dungeon, and saw 3 of its levels.

You collected 76 gold pieces.

Inventory:

Armour
 a - a +0 robe (melded)
Scrolls
 c - 3 scrolls of fog {unknown}
 e - a scroll of blinking {unknown}
 f - a scroll of teleportation {unknown}
 g - a scroll of identify {unknown}
 h - a scroll of butterflies {unknown}
Potions
 b - a potion of lignification
 d - 2 potions of curing {unknown}
 i - a potion of haste
 j - a potion of mutation {unknown}


   Skills:
 - Level 1.1 Fighting
 - Level 2.4 Dodging
 + Level 7.3 Unarmed Combat
 - Level 2.6 Spellcasting
 - Level 2.4 Transmutations


You had 4 spell levels left.
You knew the following spells:

 Your Spells              Type           Power      Damage    Failure   Level
b - Wereblood             Tmut           10%        N/A       24%         2
c - Spider Form           Tmut/Pois      6%         N/A       54%         3
p - Beastly Appendage     Tmut           20%        N/A       19%         1

Your spell library contained the following spells:

 Spells                   Type           Power      Damage    Failure   Level
 Volatile Blastmotes      Fire/Tloc      4%         2d10      69%         3
 Ice Form                 Ice/Tmut       6%         N/A       88%         4
 Fulminant Prism          Conj/Hex       1%         3d5       96%         4
 Iskenderun's Mystic Bla  Conj/Tloc      2%         2d3       96%         4
 Lee's Rapid Deconstruct  Erth           1%         3d4*      100%        5


Dungeon Overview and Level Annotations

Branches:
Dungeon (3/15) Zot: 974

Altars:
Zin


Innate Abilities, Weirdness & Mutations

You are a venomous arachnid creature.
You have venomous fangs.
You are tiny and dextrous.
Your spellcasting is less reliable in this form.
Your armour is entirely melded.
You are incapable of wielding weapons or throwing items.
You passively map a small area around you.
You are easily found by Zot.
You glow in the dark.
You regain HP and MP as you explore.


Message History

The orc attacks as you move away! The orc closely misses you.
Casting: Spider Form (quite dangerous; 32% risk of failure)
Confirm with . or Enter, or press ? or * to list all spells.
The spell is quite dangerous to miscast (32% risk of failure)!
Continue anyway?
You miscast Spider Form.
You are very lightly contaminated with residual magic.
Nothing appears to happen.
The orc hits you with a +0 falchion.
* * * LOW HITPOINT WARNING * * *
Casting: Spider Form (quite dangerous; 32% risk of failure)
Confirm with . or Enter, or press ? or * to list all spells.
The spell is quite dangerous to miscast (32% risk of failure)!
Continue anyway?
You miscast Spider Form.
You feel rather nauseous for a moment!
You are poisoned.
* * * LOW HITPOINT WARNING * * *
You feel sick. The orc closely misses you.
Casting: Spider Form (quite dangerous; 32% risk of failure)
Confirm with . or Enter, or press ? or * to list all spells.
The spell is quite dangerous to miscast (32% risk of failure)!
Continue anyway?
You turn into a venomous arachnid creature.
Your +0 robe melds into your body.
* * * LOW MAGIC WARNING * * *
You feel sick. The orc misses you. The orc wizard casts a spell at you.
The puff of flame misses you.
You hit the orc.
The orc is poisoned.
The orc is severely wounded.
You feel sick. The orc wizard casts a spell at you. The puff of flame hits you!
* * * LOW HITPOINT WARNING * * *
The orc hits you with a +0 falchion.
* * * LOW HITPOINT WARNING * * *
You bite the orc!
You kill the orc!
Your transformation is almost over.
You feel sick.
You feel sick.
The orc wizard gestures at you while chanting.
The magic dart hits you!
You die...

#. ,
####.######## ,
#............ ,
#.)# ** ,
#.)######### ,
#...........,
#.#o....## *
#...)...#
###s..†)#
#....#########
#............#*
#.....>......##.#
##...............
#...........##.#,
#.......######.#*
##.......#### #.#
............# #.#


You could see an orc wizard.

Vanquished Creatures
  Jessica (D:3)
  2 orc wizards (D:3)
  Natasha (D:3)
  2 adders
  2 worms (D:3)
  A dart slug (D:1)
  2 orcs (D:3)
  4 bats
  4 endoplasms
  6 giant cockroaches
  4 goblins
  A hobgoblin (D:1)
  2 jackals (D:3)
  3 kobolds (D:1)
  3 ball pythons
  A frilled lizard (D:2)
  3 rats
42 creatures vanquished.

Notes
Turn   | Place    | Note
-------+----------+-------------------------------------------
     0 | D:1      | lunkers the Meteoran Transmuter began the quest for the
                  | Orb.
     0 | D:1      | Reached XP level 1. HP: 16/16 MP: 5/5
    97 | D:1      | Reached skill level 4 in Unarmed Combat
    97 | D:1      | Reached XP level 2. HP: 23/23 MP: 6/6
   164 | D:1      | Learned a level 2 spell: Wereblood
   247 | D:1      | Reached XP level 3. HP: 28/28 MP: 8/8
   255 | D:1      | Learned a level 3 spell: Spider Form
   413 | D:2      | Reached skill level 5 in Unarmed Combat
   460 | D:2      | Found a glowing silver altar of Zin.
   580 | D:2      | Reached XP level 4. HP: 35/35 MP: 9/9
   595 | D:3      | Noticed Jessica
   612 | D:3      | Killed Jessica
   613 | D:3      | Reached skill level 6 in Unarmed Combat
   624 | D:3      | Noticed Natasha
   631 | D:3      | Killed Natasha
   632 | D:3      | Reached XP level 5. HP: 29/40 MP: 10/10
   815 | D:3      | Reached skill level 7 in Unarmed Combat
   815 | D:3      | Reached XP level 6. HP: 32/47 MP: 11/11
   824 | D:3      | HP: 2/47 [poisoned by miscasting Spider Form]
   824 | D:3      | Killed from afar by an orc wizard

Illustrated notes

Levels and vault maps discovered:
D:1:      heliophobic_arrival_ceremonial_halls, layout_loops_cross,
          grunt_decor_resistance, minmay_pentomino_r2
D:2:      layout_loops_cross, basic_altar, minmay_misc_feat_rugged,
          minmay_surrounded
D:3:      layout_basic, kennysheep_generic_room_7, uniq_natasha, uniq_jessica

Skill      XL: |  1  2  3  4  5 |
---------------+----------------+-----
Unarmed Combat | 4 5 6 7 |  7.3
Fighting       | |  1.1
Dodging        | |  2.4
Spellcasting   | |  2.6
Transmutations | |  2.4

Action                     |  1- 3 |  4- 6 || total
---------------------------+-------+-------++-------
  Melee: Unarmed           |    69 |    32 ||   101
         Kick              |     7 |     3 ||    10
         Punch             |     4 |       ||     4
         Headbutt          |     5 |     1 ||     6
   Cast: Beastly Appendage |     8 |     1 ||     9
         Spider Form       |       |     7 ||     7
 Armour: Robe              |    17 |       ||    17
         Skin              |       |     2 ||     2
  Dodge: Dodged            |    25 |    22 ||    47

Table legend: (Time is in decaauts)
 A = Elapsed time spent in this place.
 B = Non-inter-level travel time spent in this place.
 C = Inter-level travel time spent in this place.
 D = Time resting spent in this place.
 E = Time spent auto-exploring this place.
 F = Levels seen in this place.
 G = Mean time per level.
                   A        B        C        D        E       F      G
               +--------+--------+--------+--------+--------+-----+--------+
         Total |    824 |    824 |      0 |      0 |    539 |   3 |  274.7 |
       Dungeon |    824 |    824 |      0 |      0 |    539 |   3 |  274.7 |
               +--------+--------+--------+--------+--------+-----+--------+

Top non-repeatable levels by time:
     D:1: 390 daAuts
     D:3: 236 daAuts
     D:2: 196 daAuts
